 Zot Defence DCSS version 0.15.2 (webtiles) character file.

252 JeffiDaFish the Covered (level 6, -3/39 HPs)
             Began as a Gargoyle Fighter on Feb 18, 2017.
             Slain by Thruxarphiy the orange rat (9 damage)
             ... in the Realm of Zot (Scenario III: Two or Three?).
             The game lasted 00:05:13 (561 turns).

JeffiDaFish the Covered (Gargoyle Fighter)           Turns: 561, Time: 00:05:13

HP  -3/39        AC 11     Str 19      XL: 6   Next: 13%
MP   6/6         EV  6     Int  9      God:
Gold 0           SH  9     Dex 11      Spells:  0 memorised,  5 levels left

rFire  . . .     SeeInvis .     a - +0 war axe
rCold  . . .     Clarity  .     b - +0 scale mail
rNeg   + . .     rCorr    .     c - +0 shield
rPois  +         rRot     +     (no helmet)
rElec  +         Spirit   .     (no cloak)
SustAb .         Warding  .     (no gloves)
rMut   .         Stasis   .     (no boots)
Gourm  .                        (no amulet)
MR     .....                    (no ring)
                                (no ring)

@: not resistant to hostile enchantments, extremely unstealthy
A: negative energy resistance 1, electricity resistance, unbreathing,
petrification resistance, rot immunity, AC +4
a: Make oklob sapling, Make arrow trap, Make plant, Remove Curse, Make burning
bush, Make altar, Make grenades


You were in the Realm of Zot.
You were not hungry.

You visited 1 branch

Inventory:

Hand weapons
 a - a +0 war axe (weapon)
Armour
 b - a +0 scale mail (worn)
 c - a +0 shield (worn)
Comestibles
 f - a bread ration
Scrolls
 k - a scroll of blinking
Potions
 d - 3 potions of curing
 e - a potion of might
 h - a potion of haste
 i - 2 potions of magic
 j - a potion of berserk rage


   Skills:
 + Level 4.3 Fighting
 + Level 2.8 Axes
 + Level 4.9 Armour
 + Level 1.3 Dodging
 + Level 4.3 Shields


You had 5 spell levels left.
You didn't know any spells.

Dungeon Overview and Level Annotations

Branches:
    Zot (1/1)

Altars:


Innate Abilities, Weirdness & Mutations

You are resistant to torment.
You are immune to poison.
Your stone body is very resilient (AC +4).
You resist negative energy.
You are resistant to electric shocks.
You can survive without breathing.
You are immune to petrification.
You are immune to rotting.


Message History

Your oklob sapling spits acid at Thruxarphiy.
The splash of acid hits Thruxarphiy.
A rat comes into view.
You hit Thruxarphiy but do no damage.
Thruxarphiy is heavily wounded.
You block Thruxarphiy's attack.
Your oklob sapling spits acid at Thruxarphiy.
The splash of acid hits Thruxarphiy.
Thruxarphiy writhes in agony as its flesh is eaten away!
You hit Thruxarphiy.
Thruxarphiy is severely wounded.
Thruxarphiy barely misses you. Thruxarphiy bites you.
* * * LOW HITPOINT WARNING * * *
You closely miss Thruxarphiy.
Thruxarphiy is severely wounded.
Thruxarphiy bites you but does no damage.
Your scale mail prevents you from hitting Thruxarphiy.
Thruxarphiy is severely wounded.
Thruxarphiy bites you!
You die...

▓▓▓▓▓ ▓...▓ ▓▓...▓▓ ▓▓.....▓▓
▓▓▓.......▓▓▓
▓▓▓▓▓......%....▓▓▓▓▓
▓▓▓▓▓▓▓......r.(@)%).%....▓▓▓▓▓▓▓
....▓▓...▓▓....%r%....▓▓...▓▓....
.....▓..▓▓▓▓▓.......▓▓▓▓▓..▓.....
.....▓..▓ ▓▓.....▓▓ ▓..▓.....
.....▓..▓ ▓▓%..▓▓ ▓..▓.....
.....▓..▓ ▓.P.▓ ▓..▓.....
▓....▓..▓ ▓▓.▓▓ ▓..▓....▓
▓▓...▓..▓ ▓^▓ ▓..▓...▓▓
▓▓...▓..▓▓▓▓▓▓▓▓.▓▓▓▓▓▓▓▓..▓...▓▓


You could see Thruxarphiy the orange rat (bleeding), a rat and a friendly oklob
sapling.

Vanquished Creatures
  A phantom (Zot)
  A worm (Zot)
  3 oozes (Zot)
  2 ball pythons (Zot)
  2 bats (Zot)
  2 giant newts (Zot)
  2 goblins (Zot)
  3 kobolds (Zot)
  5 rats (Zot)
21 creatures vanquished.

Vanquished Creatures (collateral kills)
  A giant cockroach (Zot)
  4 bats (Zot)
  3 giant newts (Zot)
  3 kobolds (Zot)
  5 rats (Zot)
16 creatures vanquished.

Vanquished Creatures (others)
  An oklob sapling (Zot)
1 creature vanquished.

Grand Total: 38 creatures vanquished

Notes
Turn   | Place    | Note
--------------------------------------------------------------
     0 | Zot      | JeffiDaFish, the Gargoyle Fighter, began the quest for the Orb.
     0 | Zot      | Reached XP level 1. HP: 14/14 MP: 1/1
   235 | Zot      | Reached XP level 2. HP: 13/19 MP: 2/2
   336 | Zot      | Reached XP level 3. HP: 18/23 MP: 3/3
   470 | Zot      | Noticed Chemn
   474 | Zot      | Reached skill level 4 in Armour
   493 | Zot      | Reached XP level 4. HP: 14/29 MP: 4/4
   523 | Zot      | Killed Chemn the phantom
   523 | Zot      | Reached skill level 1 in Dodging
   523 | Zot      | Reached XP level 5. HP: 5/34 MP: 5/5
   523 | Zot      | Reached XP level 6. HP: 5/39 MP: 6/6
   561 | Zot      | Slain by Thruxarphiy the orange rat

Action                   |  1- 3 |  4- 6 || total
-------------------------+-------+-------++-------
Melee: War axe           |    43 |    30 ||    73
 Abil: Make oklob saplin |     1 |     1 ||     2
       Make arrow trap   |     1 |       ||     1
  Use: Potion            |       |     1 ||     1
